 Dungeon Crawl Stone Soup version 0.28-a0-768-g8c92f1e708 (webtiles) character file.

Game seed: 7037413833231020333

66 Avanven the Conjurer (level 3, -3/19 HPs)
             Began as a Deep Elf Conjurer on Oct 31, 2021.
             Slain by a gnoll (7 damage)
             ... on level 3 of the Dungeon.
             The game lasted 00:07:38 (1981 turns).

Avanven the Conjurer (Deep Elf Conjurer)            Turns: 1981, Time: 00:07:39

Health: -3/19      AC:  2    Str:  4    XL:     3   Next: 96%
Magic:  1/10       EV: 11    Int: 23    God:
Gold:   97         SH:  3    Dex: 13    Spells: 4/10 levels left

rFire   . . .      SeeInvis .   (no weapon)
rCold   . . .      Faith    +   b - +0 buckler
rNeg    . . .      Spirit   .   a - +0 robe
rPois   .          Reflect  .   (no helmet)
rElec   .          Harm     .   (no cloak)
rCorr   .          Rampage  .   (no gloves)
Will    .....                   (no boots)
Stlth   ++........              f - amulet of faith
HPRegen 0.06/turn               (no ring)
MPRegen 0.12/turn               (no ring)

@: no status effects
A: no striking features
a: no special abilities


You were on level 3 of the Dungeon.
You visited 1 branch of the dungeon, and saw 3 of its levels.

You collected 97 gold pieces.

Inventory:

Armour
 a - a +0 robe (worn)
 b - a +0 buckler (worn)
Jewellery
 f - an amulet of faith (around neck)
Potions
 c - a potion of heal wounds {unknown}
 d - 2 potions of curing


   Skills:
 - Level 2.4 Dodging
 - Level 2.4 Stealth
 + Level 4.0 Spellcasting
 * Level 5.5 Conjurations
 + Level 1.0 Hexes


You had 4 spell levels left.
You knew the following spells:

 Your Spells              Type           Power      Damage    Failure   Level
a - Magic Dart            Conj           100%       1d8       1%          1
b - Searing Ray           Conj           60%        2d6       2%          2
c - Inner Flame           Hex/Fire       6%         N/A       38%         3

Your spell library contained the following spells:

 Spells                   Type           Power      Damage    Failure   Level
 Foxfire                  Conj/Fire      68%        2x1d7     5%          1
 Shock                    Conj/Air       68%        1d7       5%          1
 Dazzling Flash           Conj/Hex       38%        N/A       14%         3
 Conjure Flame            Conj/Fire      17%        6-21      17%         3
 Corpse Rot               Necr/Air       8%         N/A       26%         2
 Poisonous Vapours        Pois/Air       8%         N/A       26%         2
 Fulminant Prism          Conj/Hex       9%         3d7       41%         4
 Flame Wave               Conj/Fire      17%        3d5       50%         4
 Iskenderun's Mystic Bla  Conj/Tloc      17%        2d5       50%         4


Dungeon Overview and Level Annotations

Branches:
Dungeon (3/15)

Altars:
Dithmenos


Message History

The searing ray hits the gnoll!
The gnoll is severely wounded.
The searing ray hits the adder!
You kill the adder!
The searing ray hits the gnoll!
The gnoll is severely wounded. (Press . to maintain the ray.)
A gnoll comes into view. It is wielding a +0 flail.
Unknown command.
Casting: Searing Ray (safe; 2% risk of failure)
Confirm with . or Enter, or press ? or * to list all spells.
Restarting spell: Searing Ray (safe; 2% risk of failure)
Press: ? - help, Shift-Dir - straight line, f/p - gnoll
Aim: a gnoll, wielding a +0 flail (severely wounded, 82% to hit)
The searing ray hits the gnoll.
The gnoll is almost dead.
The searing ray hits the gnoll!
You kill the gnoll! (Press . to maintain the ray.)
The gnoll hits you with a +0 club!
Your Spellcasting skill increases to level 4!
Your Hexes skill increases to level 1!
Casting: Searing Ray (safe; 2% risk of failure)
Confirm with . or Enter, or press ? or * to list all spells.
Aiming: Magic Dart (safe; 1% risk of failure)
Press: ? - help, Shift-Dir - straight line, f - gnoll
Aim: a gnoll, wielding a +0 club (almost dead, 100% to hit)
The magic dart hits the gnoll but does no damage.
The gnoll is almost dead.
The gnoll hits you with a +0 club!
* * * LOW HITPOINT WARNING * * *
Casting: Magic Dart (safe; 1% risk of failure)
Confirm with . or Enter, or press ? or * to list all spells.
Aiming: Magic Dart (safe; 1% risk of failure)
Press: ? - help, Shift-Dir - straight line, f/p - gnoll
Aim: a gnoll, wielding a +0 club (almost dead, 100% to hit)
The magic dart hits the gnoll but does no damage.
The gnoll is almost dead.
The gnoll hits you with a +0 club!
You die...

###### ###....##
##.......## ##.........#
#...###....#
######..##.##...######
♣.♣.....#.#._.#.#.......
........#.......#.##.###
..####.@##.....##†##.#
#.#g##...###.##.# #.
.###### #..#.# .. ).
#..#.# ### ... #....#
.... #....# #.... #....#
.....


You could see a gnoll.

Vanquished Creatures
  A gnoll (D:3)
  2 adders
  A dart slug (D:2)
  An endoplasm (D:2)
  A giant cockroach (D:1)
  3 goblins
  5 hobgoblins
  3 jackals (D:2)
  A quokka (D:2)
  4 ball pythons
  6 bats
  3 frilled lizards (D:2)
  A kobold (D:1)
  2 rats
34 creatures vanquished.

Vanquished Creatures (others)
  A fungus (D:1)
  3 plants (D:1)
4 creatures vanquished.

Grand Total: 38 creatures vanquished

Notes
Turn   | Place    | Note
-------+----------+-------------------------------------------
     0 | D:1      | Avanven the Deep Elf Conjurer began the quest for the Orb.
     0 | D:1      | Reached XP level 1. HP: 10/10 MP: 6/6
   255 | D:1      | Found a faded altar of an unknown god.
   264 | D:1      | Got Plato's Volume of Flight
   460 | D:1      | Reached XP level 2. HP: 15/15 MP: 5/8
  1078 | D:1      | Learned a level 2 spell: Searing Ray
  1155 | D:2      | Reached skill level 5 in Conjurations
  1185 | D:2      | Reached XP level 3. HP: 19/19 MP: 7/10
  1425 | D:2      | Learned a level 3 spell: Inner Flame
  1961 | D:3      | Found a shadowy altar of Dithmenos.
  1980 | D:3      | Reached skill level 1 in Hexes
  1981 | D:3      | Slain by a gnoll

Illustrated notes

Levels and vault maps discovered:
D:1:      psy_arrival_statuary, layout_basic,
          shapermc_ecumenical_altar_rom_forum
D:2:      layout_basic
D:3:      cheibrodos_pilgrimage, layout_basic,
          nicolae_dithmenos_through_a_glass_darkly,
          mainiacjoe_overflow_catwalk_spiral, serial_forest,
          infiniplex_forest_lined_2, infiniplex_forest_lined_room_,
          infiniplex_forest_pool, infiniplex_forest_lined_corner,
          infiniplex_forest_straight_1, infiniplex_forest_clump_small,
          infiniplex_forest_side_room, infiniplex_forest_clump_cross,
          serial_shops, nicolae_shop_crystal, nicolae_lakefront_shop,
          nicolae_shop_trees

Skill      XL: |  1  2  3 |
---------------+----------+-----
Conjurations   | 5 |  5.5
Spellcasting   | 4 |  4.0
Hexes          | 1 |  1.0
Dodging        | |  2.4
Stealth        | |  2.4

Action                   || total
-------------------------++-------
Melee: Unarmed           ||     1
 Cast: Magic Dart        ||    58
       Searing Ray       ||     4
  Use: Scroll            ||     2
Armor: Robe              ||     1
Dodge: Dodged            ||     1
Block: Buckler           ||     1

Table legend: (Time is in decaauts)
 A = Elapsed time spent in this place.
 B = Non-inter-level travel time spent in this place.
 C = Inter-level travel time spent in this place.
 D = Time resting spent in this place.
 E = Time spent auto-exploring this place.
 F = Levels seen in this place.
 G = Mean time per level.
                   A        B        C        D        E       F      G
               +--------+--------+--------+--------+--------+-----+--------+
         Total |   1980 |   1980 |      0 |      0 |   1643 |   3 |  660.0 |
       Dungeon |   1980 |   1980 |      0 |      0 |   1643 |   3 |  660.0 |
               +--------+--------+--------+--------+--------+-----+--------+

Top non-repeatable levels by time:
     D:1: 1079 daAuts
     D:2: 794 daAuts
     D:3: 106 daAuts
